 Dungeon Crawl Stone Soup version 0.31-a0-231-g51bb95cda3 (webtiles) character file.

Game seed: 12302978247841576108

205 qw the Shooter (level 5, -10/30 HPs)
             Began as a Gargoyle Hexslinger on July 6, 2023.
             Killed from afar by Dowan (23 damage)
             ... with a shard of ice
             ... on level 4 of the Dungeon.
             The game lasted 00:00:53 (2472 turns).

qw the Shooter (Gargoyle Hexslinger)                Turns: 2472, Time: 00:00:54

Health: -10/30     AC: 12    Str: 12      XL:     5   Next: 83%
Magic:  6/6        EV: 10    Int: 12 (13) God:
Gold:   33         SH:  0    Dex: 17 (20) Spells: 5/6 levels left

rFire   . . .        Y - +3 sling
rCold   . . .        (no shield)
rNeg    + + .        g - +3 ring mail
rPois   inf          (no helmet)
rElec   +            (no cloak)
rCorr   .            (no gloves)
SInv    .            (no boots)
Will    .....        (no amulet)
Stlth   +            e - +6 ring of dexterity
HPRegen 0.25/turn    f - ring of positive energy
MPRegen 0.10/turn

%: no passive effects
@: no status effects
A: sickness immunity, AC +4, negative energy resistance 1, electricity
resistance, torment resistance 1, petrification resistance
a: no special abilities


You were on level 4 of the Dungeon.
You visited 1 branch of the dungeon, and saw 4 of its levels.

You collected 33 gold pieces.


Innate Abilities, Weirdness & Mutations

You are immune to sickness and miasma.
Your stone body is resilient. (AC +4)
You are immune to poison.
You resist negative energy. (rN+)
You are resistant to electric shocks. (rElec)
You are resistant to unholy torment.
You are immune to petrification.


   Skills:
 - Level 2.0 Fighting
 + Level 4.5 Ranged Weapons
 - Level 3.3 Armour
 - Level 1.5 Dodging
 - Level 1.0 Spellcasting
 - Level 2.6 Hexes


You had 5 spell levels left.
You knew the following spells:

 Your Spells              Type           Power      Damage    Failure   Level
a - Slow                  Hex            28%        N/A       22%         1

Your spell library contained the following spells:

 Spells                   Type           Power      Damage    Failure   Level
 Inner Flame              Hex/Fire       3%         N/A       73%         3
 Portal Projectile        Hex/Tloc       6%         N/A       73%         3
 Cause Fear               Hex            3%         N/A       91%         4

Inventory:

Hand Weapons
 Y - a +3 sling (weapon)
Armour
 g - a +3 ring mail (worn)
Jewellery
 e - a +6 ring of dexterity (left hand)
 f - a ring of positive energy (right hand)
Scrolls
 a - a scroll of identify
Potions
 b - a potion of mutation {unknown}
 c - a potion of haste
 j - 2 potions of curing {unknown}
 k - a potion of might {unknown}
 m - a potion of magic {unknown}

Dungeon Overview and Level Annotations

Branches:
Dungeon (4/15)
 Temple: D:4-7

Altars:

Shops:
D:2 *

Annotations:
D:4 Dowan


Message History

Duvessa hits you with a +0 short sword!
You shoot a sling bullet. The sling bullet hits Duvessa!
Duvessa is heavily wounded.
Duvessa says, "Did you see that move?
Perfect!"
You shoot a sling bullet. The sling bullet hits Duvessa.
Duvessa is heavily wounded.
Duvessa hits you with a +0 short sword. x2
You shoot a sling bullet. The sling bullet hits Duvessa.
Duvessa is severely wounded.
Duvessa hits you but does no damage.
A kobold comes into view. It is wielding a +0 dagger.
You shoot a sling bullet. The sling bullet hits Duvessa.
Duvessa is almost dead.
Duvessa closely misses you.
You shoot a sling bullet. The sling bullet barely misses Duvessa.
Duvessa hits you with a +0 short sword. Duvessa hits you but does no damage.
You shoot a sling bullet. The sling bullet hits Duvessa.
You kill Duvessa!
You hear a distant wail of despair.
You feel your strength returning.
Your Armour skill gained 3 levels and is now at level 3!
You have reached level 5!
You shoot a sling bullet. The sling bullet hits the kobold.
You kill the kobold!
You start resting.
Dowan, Brother of Duvessa comes into view.
He is wielding a +0 dagger.
You shoot a sling bullet. The sling bullet barely misses Dowan.
Dowan seems to find hidden reserves of power!
Dowan gestures wildly while chanting.
Dowan blinks!
You hear an angry hiss.
You start resting.
Dowan is nearby!
You shoot a sling bullet.
The sling bullet hits Dowan but does no damage.
A steam dragon comes into view.
Dowan points at you and mumbles some strange words.
The shard of ice hits you!!
Ouch! That really hurt!
You die...

##### ...# ...
... #.# #.######
#####......#
#)@........#
#)###.###..# #.
#.###..# #%
#......# #e
#......#
..###.....#######
.........<.......
D####.....#####..
#..#..#


You could see a steam dragon and Dowan (fast).

Vanquished Creatures
  Duvessa (D:4)
  4 adders
  2 worms
  3 dart slugs
  6 orcs (D:3)
  2 endoplasms (D:1)
  7 giant cockroaches
  2 goblins (D:3)
  7 hobgoblins
  5 kobolds
  3 quokkas
  3 ball pythons
  8 bats
  2 frilled lizards
  3 rats
58 creatures vanquished.

Notes
Turn   | Place    | Note
-------+----------+-------------------------------------------
     0 | D:1      | qw the Gargoyle Hexslinger began the quest for the Orb.
     0 | D:1      | Reached XP level 1. HP: 12/12 MP: 2/2
     0 | D:1      | 0 ||| qw: Version: 0.3-a-46-gb1f654a
     0 | D:1      | 0 ||| qw: Game counter: 1920
     0 | D:1      | 0 ||| qw: Melee chars always use a shield: true
     0 | D:1      | 0 ||| qw: God list: Okawaru
     0 | D:1      | 0 ||| qw: Allow faded altars: false
     0 | D:1      | 0 ||| qw: Do Orc after clearing Dungeon:15 true
     0 | D:1      | 0 ||| qw: Do second Lair branch before Depths: true
     0 | D:1      | 0 ||| qw: Lair rune preference: random
     0 | D:1      | 0 ||| qw: Goals: Normal
     0 | D:1      | 0 ||| PLANNING D:1-11
    50 | D:1      | You fall into a shaft and drop 1 floor!
    74 | D:2      | 74 ||| UPGRADING to +0 leather armour.
    84 | D:2      | 84 ||| DROPPING +0 robe.
    85 | D:2      | 85 ||| DROPPING scroll of poison.
   106 | D:1      | Reached XP level 2. HP: 16/16 MP: 3/3
   272 | D:1      | Reached skill level 3 in Ranged Weapons
   715 | D:1      | 715 ||| UPGRADING to +6 ring of dexterity.
   716 | D:1      | 716 ||| UPGRADING to ring of positive energy.
   717 | D:1      | 717 ||| READING 2 scrolls labelled LAINOM QOUFREN.
   718 | D:1      | 718 ||| READING scroll labelled XOETIS MIGEEBA.
   719 | D:1      | 719 ||| READING scroll labelled VUGOZO TIFUOR.
   768 | D:2      | Found Pasmoc's Assorted Antiques.
   773 | D:2      | 773 ||| SHOPLISTING jewelled ring mail (279 gold, have 10).
   773 | D:2      | 773 ||| SHOPLISTING murky coppery potion (27 gold, have
                  | 10).
   773 | D:2      | 773 ||| SHOPLISTING runed helmet (232 gold, have 10).
   773 | D:2      | 773 ||| SHOPLISTING scroll labelled EWEROSUMIN (31 gold,
                  | have 10).
   773 | D:2      | 773 ||| SHOPLISTING scroll labelled YDAVEO NIMMYZ (31 gold,
                  | have 10).
   773 | D:2      | 773 ||| SHOPLISTING scroll of enchant weapon (232 gold,
                  | have 10).
   773 | D:2      | 773 ||| SHOPLISTING scroll of identify (62 gold, have 10).
   773 | D:2      | 773 ||| SHOPLISTING twisted ruby ring (155 gold, have 10).
   916 | D:2      | Reached XP level 3. HP: 21/21 MP: 4/4
  1551 | D:2      | 1551 ||| READING 3 scrolls labelled QISURPH WIUF.
  1562 | D:2      | 1562 ||| DRINKING 3 coppery potions.
  1598 | D:2      | 1598 ||| READING 2 scrolls of identify.
  1598 | D:2      | 1598 ||| IDENTIFYING ruby potion
  1599 | D:2      | 1599 ||| DROPPING 2 potions of lignification.
  1600 | D:2      | 1600 ||| DROPPING 2 scrolls of torment.
  1742 | D:3      | Identified the +0 leather armour of Distant Worlds {Rampage
                  | rPois rCorr Dex-5}
  1751 | D:3      | Reached XP level 4. HP: 26/26 MP: 5/5
  1816 | D:3      | Reached skill level 4 in Ranged Weapons
  1849 | D:3      | Identified the staff "Maf Moji Enn" {rF+ rC+ Str+6 Fire}
  2266 | D:3      | 2266 ||| READING scroll of enchant weapon.
  2266 | D:3      | 2266 ||| ENCHANTING +2 sling.
  2374 | D:3      | 2374 ||| UPGRADING to +3 ring mail.
  2384 | D:3      | 2384 ||| DROPPING +0 leather armour.
  2385 | D:3      | 2385 ||| DROPPING +0 leather armour of Distant Worlds
                  | {Rampage rPois rCorr Dex-5}.
  2386 | D:3      | 2386 ||| READING scroll labelled TAZEARR UCWUXY.
  2387 | D:3      | 2387 ||| DRINKING 2 murky coppery potions.
  2388 | D:3      | 2388 ||| DROPPING potion of degeneration.
  2445 | D:4      | Noticed Duvessa
  2458 | D:4      | Killed Duvessa
  2459 | D:4      | Reached skill level 3 in Armour
  2459 | D:4      | Reached XP level 5. HP: 9/30 MP: 6/6
  2469 | D:4      | Noticed Dowan
  2472 | D:4      | Noticed a steam dragon
  2472 | D:4      | Killed from afar by Dowan

Levels and vault maps discovered:
D:1:      dpeg_arrival_arbitrary_b, layout_loops_cross
D:2:      layout_basic, serial_shops, shop
D:3:      layout_loops_ring, minmay_liquid_box, grunt_decor_clamped,
          minmay_quantized
D:4:      layout_loops_corners, uniq_natasha, uniq_duvessa

Skill      XL: |  1  2  3  4 |
---------------+-------------+-----
Ranged Weapons | 3 4 |  4.5
Fighting       | 2 |  2.0
Armour         | 3 |  3.3
Dodging        | |  1.5
Spellcasting   | |  1.0
Hexes          | |  2.6

Action                     |  1- 3 |  4- 6 || total
---------------------------+-------+-------++-------
   Fire: Sling             |   105 |    83 ||   188
    Use: Scroll            |     5 |     2 ||     7
         Potion            |     1 |     1 ||     2
 Armour: Leather armour    |    13 |    15 ||    28
         Ring mail         |       |    10 ||    10
  Dodge: Dodged            |    22 |    34 ||    56

Table legend:
 A = Non-vault XP
 B = Vault XP
 C = Vault XP percentage of total XP
 D = Non-vault monster count
 E = Vault monster count
 F = Vault count percentage of total count
                 A         B        C        D         E       F
            +---------+---------+-------+---------+---------+-------
      Total |     145 |     148 |  50.5 |      52 |       6 |  10.3
            +---------+---------+-------+---------+---------+-------
        D:1 |      26 |       0 |   0.0 |      15 |       0 |   0.0
        D:2 |      39 |       0 |   0.0 |      14 |       0 |   0.0
        D:3 |      64 |      15 |  19.0 |      20 |       5 |  20.0
        D:4 |      16 |     133 |  89.3 |       3 |       1 |  25.0
            +---------+---------+-------+---------+---------+-------
